 Dungeon Crawl Stone Soup version 0.32-a0-899-geb5ba95c15 (webtiles) character file.

Game seed: 9506555211755217487

22797 ilii the Fighter (level 12, -3/112 HPs)
             Began as a Grey Draconian Shapeshifter on Apr 5, 2024.
             Was an Elder of Fedhas.
             Killed from afar by a deep elf pyromancer (9 damage)
             ... with a bolt of fire
             ... in a volcano.
             The game lasted 00:30:40 (12598 turns).

ilii the Fighter (Grey Draconian Shapeshifter)     Turns: 12598, Time: 00:30:41

Health: -3/112     AC: 16    Str: 17    XL:     12   Next: 66%
Magic:  13/14      EV: 15    Int: 12    God:    Fedhas [****..]
Gold:   768        SH:  5    Dex: 14    Spells: 11/11 levels left

rFire   + . .        o - melded +2 dagger (elec)
rCold   x . .        (shield currently unavailable)
rNeg    . . .        (body armour unavailable)
rPois   .            (helmet restricted)
rElec   .            e - +2 cloak {rCorr}
rCorr   +            F - melded +2 pair of gloves
SInv    .            (no boots)
Will    .....        f - amulet of reflection
Stlth   +            k - ring of flight
HPRegen 0.38/turn    D - ring of fire
MPRegen 0.14/turn

%: reflection
@: on fire, blade hands, flying, glowing
A: mud breath, mud-swimmer, AC +13, amphibious, unfitting armour, cold-blooded
a: Mud Breath, Begin Untransformation, Renounce Religion, Wall of Briars, Grow
Ballistomycete, Overgrow


You were in a volcano.
You worshipped Fedhas.
Fedhas was greatly pleased with you.
You had blades for hands.
You visited 2 branches of the dungeon, and saw 12 of its levels.
You also visited: Volcano.

You collected 768 gold pieces.

Inventory:

Hand Weapons
 o - a +2 dagger of electrocution (melded)
Armour
 e - a +2 cloak of preservation (worn)
 l - a scarf of shadows
 F - a +2 pair of gloves (melded)
Jewellery
 f - an amulet of reflection (around neck)
 k - a ring of flight (left blade hand)
 m - a ring of see invisible
 D - a ring of fire (right blade hand)
 E - a ring of magical power
 G - the ring of Rula {rC+ Int+6}
   (You took it off a centaur warrior on level 10 of the Dungeon)

   [ring of intelligence]

   Int+6:     It affects your intelligence (+6).
   rC+:       It protects you from cold.
Talismans
 b - a beast talisman
 c - a flux talisman
 s - a blade talisman (active)
Wands
 r - a wand of polymorph (12)
 t - a wand of flame (21)
 w - a wand of light (35)
 x - a wand of mindburst (45)
Scrolls
 i - a scroll of blinking
 p - 6 scrolls of teleportation
 q - 2 scrolls of noise
 v - a scroll of amnesia
 y - a scroll of poison
Potions
 a - 3 potions of lignification
 d - a potion of magic
 g - 9 potions of degeneration
 j - 2 potions of haste
 n - a potion of enlightenment
 u - 3 potions of attraction
 z - a potion of brilliance
 A - 2 potions of mutation
 B - a potion of might
 K - a potion of ambrosia {unknown}
Miscellaneous
 H - a condenser vane
 I - a phantom mirror
 J - a sack of spiders


   Skills:
 + Level 12.2 Fighting
 + Level 9.3 Dodging
 + Level 11.6 Unarmed Combat
 + Level 3.9 Invocations
 - Level 10.0 Shapeshifting


You had 11 spell levels left.
You didn't know any spells.
Your spell library contained the following spells:

 Spells                   Type           Power      Damage    Failure   Level
 Sandblast                Erth           0%         2d4       32%         1
 Shock                    Conj/Air       0%         1d3       32%         1
 Sting                    Conj/Alch      0%         1d3       32%         1
 Ensorcelled Hibernation  Hex/Ice        0%         N/A       45%         2
 Mercury Vapours          Alch/Air       0%         N/A       45%         2
 Static Discharge         Conj/Air       0%         3-3/arc   45%         2
 Call Canine Familiar     Summ           0%         N/A       69%         3
 Fugue of the Fallen      Necr           0%         N/A       69%         3
 Sigil of Binding         Hex            0%         N/A       69%         3
 Stone Arrow              Conj/Erth      0%         3d7       69%         3
 Swiftness                Air            0%         N/A       69%         3
 Airstrike                Air            0%         2d(0-16)  97%         4
 Anguish                  Hex/Necr       0%         N/A       97%         4
 Brom's Barrelling Bould  Conj/Erth      0%         2d3       97%         4
 Dimensional Bullseye     Hex/Tloc       0%         N/A       97%         4
 Olgreb's Toxic Radiance  Alch           0%         N/A       97%         4
 Summon Lightning Spire   Summ/Air       0%         N/A       97%         4
 Death Channel            Necr           0%         N/A       100%        6
 Sculpt Simulacrum        Ice/Alch       0%         N/A       100%        6
 Lehudib's Crystal Spear  Conj/Erth      0%         10d2      100%        8
 Animate Armour           Summ/Erth      Unusable   N/A       N/A         4

Dungeon Overview and Level Annotations

Branches:
Dungeon (11/15)            Temple (0/1) D:5            Lair (1/5) D:11
    Orc (0/2) D:9         Volcano (1/1)

Altars:
Ashenzari
Dithmenos
Elyvilon
Fedhas
Gozag
Makhleb
Nemelex Xobeh

Shops:
D:5 =   D:11 **

Annotations:
D:6 3 runed translucent doors, P0WERM0DE's ghost, novice CoCK


Innate Abilities, Weirdness & Mutations

You have blades for hands.
You are incapable of wielding weapons or throwing items.
You can breathe torrents of mud.
You are unimpeded by mud.
Your dull iron-grey scales are very hard. (AC +13)
You are amphibious.
You cannot fit into any form of body armour.
You are cold-blooded and may be slowed by cold attacks.


Message History

The liquid fire burns you!
* * * LOW HITPOINT WARNING * * *
The deep elf pyromancer closely misses you.
The deep elf pyromancer casts a spell at you.
The pyre arrow hits you.
You are even more covered in intense liquid fire!
You completely miss the deep elf pyromancer.
The liquid fire burns you!
* * * LOW HITPOINT WARNING * * *
The deep elf pyromancer barely misses you.
The deep elf pyromancer gestures at you while chanting.
The pyre arrow hits you.
You are even more covered in intense liquid fire!
You slice the deep elf pyromancer!!
The deep elf pyromancer is severely wounded.
The liquid fire burns you!
* * * LOW HITPOINT WARNING * * *
The deep elf pyromancer gestures wildly while chanting.
The deep elf pyromancer barely misses you.
You slash the deep elf pyromancer!
You kill the deep elf pyromancer!
Fedhas appreciates your contribution to the ecosystem.
The liquid fire burns you!
* * * LOW HITPOINT WARNING * * *
The deep elf pyromancer gestures at you while chanting.
The pyre arrow hits you.
You are even more covered in intense liquid fire!
You barely miss the deep elf pyromancer.
You tail-slap the deep elf pyromancer.
The deep elf pyromancer is lightly wounded.
The liquid fire burns you!
* * * LOW HITPOINT WARNING * * *
The fire elemental barely misses you.
You shake off some of the fire as you move.
The liquid fire burns you!
* * * LOW HITPOINT WARNING * * *
The deep elf pyromancer points at you and mumbles some strange words.
The bolt of fire hits you! You resist.
You die...
Fedhas appreciates your contribution to the ecosystem.

###≈≈§≈###
#.###≈≈§≈### #
#.).###≈≈≈≈###
#/)#f≈)'.###≈≈≈≈###
#($.)§°#.).###≈≈≈≈###
#$!P'###.††..###≈§≈≈##
#e[f...###...)e###≈≈≈
#e:#.... ####○E'.###
#++#.....'..####@.∩#
###...#... #..∩# #.
+#.#..≈. #.### #.
##.....###§≈§
#...###§≈≈≈##
+.###§≈≈≈### ≈## ##


You could see a deep elf pyromancer and a fire elemental (summoned).

Vanquished Creatures
  5 two-headed ogres
  2 boulder beetles (D:10)
  Erica (D:8)
  3 centaur warriors (D:10)
  A harpy (shapeshifter) (D:9)
  6 deep elf pyromancers (Volcano)
  An ugly thing (D:10)
  3 cyclopes
  Maurice (D:7)
  A gargoyle (D:10)
  A komodo dragon (D:11)
  2 kobold demonologists (D:11)
  An efreet (D:10)
  A troll (D:11)
  2 hornets
  A shadow (D:11)
  A wraith (D:9)
  5 wyverns
  2 fire elementals (Volcano)
  4 vampire mosquitoes
  12 yaks
  Menkaure (D:6)
  5 hell hounds (Volcano)
  An acid dragon (D:11)
  3 water moccasins
  3 orc warriors
  A swamp drake (D:9)
  3 ice beasts
  A centaur (D:8)
  3 kobold brigands
  3 phantoms
  4 scorpions
  4 wights
  17 killer bees
  3 howler monkeys
  3 hounds (D:5)
  2 jellies
  7 orc priests
  Crazy Yiuf (D:6)
  A gnoll bouda (D:9)
  Natasha (thrice) (D:4 D:3)
  11 orc wizards
  4 iguanas
  12 adders
  A shadow imp (D:6)
  A white imp (D:6)
  2 ufetubi (D:5)
  3 dart slugs
  A ribbon worm (D:2)
  33 orcs
  11 bats
  7 endoplasms
  5 giant cockroaches
  8 goblins
  3 hobgoblins
  4 quokkas
  4 ball pythons
  2 frilled lizards (D:2)
  19 kobolds
  6 rats
262 creatures vanquished.

Vanquished Creatures (collateral kills)
  A centaur warrior (D:10)
  A two-headed ogre (D:10)
  A deep elf archer (Volcano)
  3 ballistomycete spores (Volcano)
6 creatures vanquished.

Vanquished Creatures (others)
  A jelly (D:6)
  A ballistomycete spore (Volcano)
2 creatures vanquished.

Grand Total: 270 creatures vanquished

Notes
Turn   | Place    | Note
-------+----------+-------------------------------------------
     0 | D:1      | ilii the Draconian Shapeshifter began the quest for the
                  | Orb.
     0 | D:1      | Reached XP level 1. HP: 16/16 MP: 1/1
   161 | D:1      | Reached XP level 2. HP: 23/23 MP: 2/2
   470 | D:1      | Reached skill level 2 in Fighting
   806 | D:2      | Reached XP level 3. HP: 27/29 MP: 3/3
   868 | D:2      | HP: 1/29 [goblin/+2 dagger of electrocution (13)]
  1209 | D:2      | Reached XP level 4. HP: 29/37 MP: 4/4
  1643 | D:2      | Found a faded altar of an unknown god.
  1671 | D:2      | Prayed at the altar of an unknown god.
  1671 | D:2      | Became a worshipper of Fedhas Madash
  1671 | D:2      | Reached * piety under Fedhas
  1805 | D:3      | Reached skill level 3 in Fighting
  2052 | D:3      | Reached ** piety under Fedhas
  2301 | D:4      | Found a shadowy altar of Dithmenos.
  2306 | D:4      | Reached XP level 5. HP: 30/45 MP: 5/5
  2579 | D:4      | Noticed Natasha
  2581 | D:4      | Killed Natasha
  2681 | D:4      | Found a sparkling altar of Nemelex Xobeh.
  2815 | D:4      | Noticed Natasha
  2863 | D:3      | Killed Natasha
  2876 | D:3      | Noticed Natasha
  2916 | D:3      | Killed Natasha
  2917 | D:3      | Reached XP level 6. HP: 52/52 MP: 6/6
  3096 | D:4      | Reached skill level 4 in Fighting
  3241 | D:5      | Entered Level 5 of the Dungeon
  3344 | D:5      | Found a staircase to the Ecumenical Temple.
  3415 | D:5      | Noticed a water moccasin
  3418 | D:5      | a water moccasin changed into an ice beast
  3418 | D:5      | Noticed an ice beast
  3429 | D:5      | Killed an ice beast
  3430 | D:5      | Reached skill level 5 in Unarmed Combat
  3456 | D:5      | Your scales start taking on a dull iron-grey colour.
  3456 | D:5      | Reached XP level 7. HP: 54/60 MP: 7/7
  3489 | D:5      | Found Rothral's Jewellery Boutique.
  3569 | D:5      | Reached skill level 5 in Shapeshifting
  3617 | D:5      | Reached skill level 5 in Fighting
  3775 | D:5      | Found a blossoming altar of Fedhas.
  3779 | D:5      | Found a white marble altar of Elyvilon.
  3781 | D:5      | Found a burning altar of Makhleb.
  4336 | D:6      | Reached *** piety under Fedhas
  4550 | D:6      | Reached XP level 8. HP: 51/70 MP: 8/8
  4674 | D:6      | Found a runed translucent gate.
  4681 | D:6      | Found a runed translucent gate.
  4682 | D:6      | Found a runed translucent gate.
  4705 | D:6      | Noticed P0WERM0DE's ghost (novice CoCK)
  4753 | D:6      | Noticed Menkaure
  4767 | D:6      | Killed Menkaure
  4936 | D:6      | Found a runed translucent door.
  4937 | D:6      | Noticed Crazy Yiuf
  4950 | D:6      | Killed Crazy Yiuf
  5349 | D:7      | Reached skill level 6 in Fighting
  5582 | D:7      | Noticed Maurice
  5589 | D:7      | Maurice stole 306 gold
  5597 | D:7      | Maurice stole a flux talisman
  5613 | D:7      | Killed Maurice
  5959 | D:7      | Reached XP level 9. HP: 78/78 MP: 9/9
  6007 | D:7      | Reached skill level 7 in Fighting
  6748 | D:8      | Noticed Erica
  6779 | D:8      | Killed Erica
  6991 | D:8      | Reached **** piety under Fedhas
  7136 | D:8      | Noticed a two-headed ogre
  7167 | D:8      | Killed a two-headed ogre
  7168 | D:8      | Reached skill level 8 in Fighting
  7168 | D:8      | Reached skill level 5 in Dodging
  7347 | D:8      | Found an opulent altar of Gozag.
  7802 | D:8      | Reached XP level 10. HP: 85/89 MP: 10/10
  8440 | D:9      | Noticed a two-headed ogre
  8466 | D:9      | Killed a two-headed ogre
  8610 | D:9      | Reached skill level 9 in Fighting
  8799 | D:9      | Found a staircase to the Orcish Mines.
  9273 | D:9      | Reached ***** piety under Fedhas
  9368 | D:10     | Entered Level 10 of the Dungeon
  9438 | D:10     | Found a runed translucent door.
  9438 | D:10     | Noticed a two-headed ogre
  9438 | D:10     | Noticed a cyclops
  9438 | D:10     | Noticed a harpy
  9438 | D:10     | Noticed a two-headed ogre
  9439 | D:10     | Found a runed translucent door.
  9439 | D:10     | Noticed a gargoyle
  9440 | D:10     | Noticed a centaur warrior
  9444 | D:10     | Found a runed translucent door.
  9444 | D:10     | Noticed a centaur warrior
  9452 | D:10     | Killed a two-headed ogre
  9454 | D:10     | Killed a centaur warrior
  9657 | D:9      | Reached XP level 11. HP: 83/99 MP: 11/11
  9660 | D:9      | Killed a harpy
  9721 | D:9      | Reached skill level 10 in Fighting
 10663 | D:10     | Found a broken altar of Ashenzari.
 10815 | D:10     | Killed a centaur warrior
 10816 | D:10     | Reached skill level 10 in Unarmed Combat
 10841 | D:10     | Killed a two-headed ogre
 11180 | D:10     | Noticed a two-headed ogre
 11192 | D:10     | Killed a two-headed ogre
 11264 | D:10     | Noticed a green ugly thing
 11264 | D:10     | Noticed a centaur warrior
 11275 | D:10     | Killed a centaur warrior
 11283 | D:10     | Reached skill level 10 in Shapeshifting
 11286 | D:10     | Reached skill level 11 in Fighting
 11289 | D:10     | Killed a green ugly thing
 11290 | D:10     | Noticed a boulder beetle
 11290 | D:10     | Noticed a boulder beetle
 11316 | D:10     | Killed a boulder beetle
 11324 | D:10     | Killed a boulder beetle
 11325 | D:10     | Reached XP level 12. HP: 98/110 MP: 12/12
 11327 | D:10     | Identified the ring of Rula {rC+ Int+6}
 11327 | D:10     | Noticed a centaur warrior
 11339 | D:10     | Killed a centaur warrior
 11395 | D:10     | Identified the amulet of Yhoimp {Acrobat *Slow Regen+
                  | Str+3}
 11525 | D:11     | Found a staircase to the Lair.
 11899 | D:11     | Reached skill level 1 in Invocations
 12110 | D:11     | Found Rointeob's General Store.
 12114 | D:11     | Noticed a two-headed ogre
 12123 | D:11     | Killed a two-headed ogre
 12242 | D:11     | Found Wooh Iff's Elemental Accessories.
 12391 | Lair:1   | Entered Level 1 of the Lair of Beasts
 12414 | Lair:1   | Found a dark tunnel.
 12419 | Volcano  | Entered a volcano
 12514 | Volcano  | Reached skill level 12 in Fighting
 12598 | Volcano  | Killed from afar by a deep elf pyromancer

Illustrated notes

Levels and vault maps discovered:
D:1:      dpeg_arrival_boxes_within_box, layout_basic, minivault_26
D:2:      layout_rooms, shapermc_ecumenical_altar_notcrosses
D:3:      layout_rooms, minmay_strange_pillars, st_stairs_4, skrybe_limestone_x,
          minmay_misc_feat_diagonals
D:4:      layout_loops_cross, old_standard_altar, mainiacjoe_overflow_brackets,
          uniq_natasha
D:5:      layout_basic, gammafunk_temple_overflow_forgotten,
          minmay_temple_entry_wispy, serial_shops, shop
D:6:      layout_rooms, gammafunk_ghost_necromancy, uniq_crazy_yiuf_cottage,
          uniq_menkaure
D:7:      layout_basic, chequers_serial_rivers_micro_e, uniq_maurice
D:8:      layout_cave_pods, nicolae_gozag_seed_capital, uniq_erica
D:9:      layout_rooms, erik_orc_1, kennysheep_generic_room_11
D:10:     minmay_the_grid_triangle_9x9_rhombus_thin
          [minmay_the_grid_triangle_9x9_stretched_checkered,
          minmay_the_grid_triangle_9x9_prize_insulated,
          minmay_the_grid_triangle_9x9_fully_insulated_deathbox,
          minmay_the_grid_triangle_9x9_empty], layout_grid_maze,
          evilmike_ruin_ashenzari
D:11:     layout_gridville, david_lair_shrubbed, nicolae_stop_n_shop_2,
          nicolae_elemental_shop
Lair:1:   minmay_lair_oklob_chamber, layout_gridlike, enter_volcano_4,
          st_stairs_5, nicolae_quartered_pool_super, uniq_jeremiah
Volcano:  hellmonk_pyromancer_palace

Skill      XL: |  1  2  3  4  5  6  7  8  9 10 11 12 |
---------------+-------------------------------------+-----
Fighting       | 2 3 4 5 6 8 9 11 12 | 12.2
Unarmed Combat | 4 5 6 8 9 10 11 | 11.6
Shapeshifting  | 4 6 7 8 9 10 | 10.0
Dodging        | 3 5 6 8 9 |  9.3
Invocations    | 3 |  3.9

Action                     |  1- 3 |  4- 6 |  7- 9 | 10-12 || total
---------------------------+-------+-------+-------+-------++-------
  Melee: Unarmed           |   106 |    25 |   173 |   496 ||   800
         Tailslap          |     8 |    14 |    55 |   115 ||   192
         Punch             |     2 |       |       |     7 ||     9
         Dagger            |       |   117 |   132 |       ||   249
 Invoke: Wall of Briars    |       |       |     1 |       ||     1
         Overgrow          |       |       |       |     2 ||     2
         Grow Ballistomyce |       |       |       |     2 ||     2
Ability: Begin Untransform |       |     1 |       |       ||     1
         Mud Breath        |       |       |     6 |     6 ||    12
  Evoke: Wand              |       |     3 |     1 |       ||     4
    Use: Scroll            |       |     9 |     7 |     2 ||    18
         Potion            |       |       |     1 |     2 ||     3
   Stab: Sleeping          |       |     1 |       |       ||     1
 Armour: Skin              |    46 |    78 |   173 |   287 ||   584
  Dodge: Dodged            |    54 |   107 |   175 |   441 ||   777
  Block: Other             |    17 |    39 |    50 |   130 ||   236
         Reflection        |     2 |       |       |     3 ||     5
   Form: Beast             |     1 |     1 |       |       ||     2
         Flux              |     1 |       |     1 |       ||     2
         Blade             |       |       |       |     2 ||     2

Table legend: (Time is in decaauts)
 A = Elapsed time spent in this place.
 B = Non-inter-level travel time spent in this place.
 C = Inter-level travel time spent in this place.
 D = Time resting spent in this place.
 E = Time spent auto-exploring this place.
 F = Levels seen in this place.
 G = Mean time per level.
                   A        B        C        D        E       F      G
               +--------+--------+--------+--------+--------+-----+--------+
         Total |  12535 |  11949 |    586 |   1893 |   7615 |  13 |  964.2 |
       Dungeon |  12339 |  11753 |    586 |   1815 |   7615 |  11 | 1121.7 |
          Lair |     27 |     27 |      0 |      0 |      0 |   1 |   27.0 |
       Volcano |    168 |    168 |      0 |     78 |      0 |   1 |  168.0 |
               +--------+--------+--------+--------+--------+-----+--------+

Top non-repeatable levels by time:
     D:9: 1703 daAuts
    D:10: 1635 daAuts
     D:7: 1558 daAuts
     D:8: 1343 daAuts
     D:5: 1042 daAuts
    D:11: 925 daAuts
     D:4: 903 daAuts
     D:2: 874 daAuts
     D:6: 873 daAuts
     D:1: 867 daAuts
     D:3: 613 daAuts
 Volcano: 168 daAuts
  Lair:1: 27 daAuts
